 Dungeon Sprint DCSS version 0.30.1-4-g462c640d31 (webtiles) character file.

Game seed: 3459010364866270102

1234 Heoruswealwe the Protected (level 8, -4/82 HPs)
             Began as a Minotaur Fighter on Aug 22, 2023.
             Was a Believer of Trog.
             Slain by a centaur warrior (11 damage)
             ... in the Dungeon (Sprint I: "Red Sonja").
             The game lasted 00:04:55 (426 turns).

Heoruswealwe the Protected (Minotaur Fighter)        Turns: 426, Time: 00:04:55

Health: -4/82      AC: 12    Str: 24    XL:     8   Next: 24%
Magic:  7/7        EV:  8    Int:  5    God:    Trog [**....]
Gold:   471        SH:  6    Dex:  9    Spells: 7/7 levels left

rFire   . . .        a - +0 war axe
rCold   . . .        d - +0 buckler
rNeg    . . .        c - +0 chain mail
rPois   .            (helmet restricted)
rElec   .            (no cloak)
rCorr   .            (no gloves)
SInv    .            (no boots)
Will    .....        (no amulet) Stlth
                     (no ring)
HPRegen 0.33/turn    (no ring)
MPRegen 0.10/turn

%: no teleportation
@: mighty
A: horns 2, retaliatory headbutt
a: Renounce Religion, Berserk, Trog's Hand


You were in the Dungeon.
You worshipped Trog.
Trog was pleased with you.
You visited 1 branch You collected 471 gold pieces.

Inventory:

Hand Weapons
 a - a +0 war axe (weapon)
Armour
 c - a +0 chain mail (worn)
 d - a +0 buckler (worn)
Wands
 k - a wand of digging (5)
Scrolls
 j - a scroll of blinking


   Skills:
 + Level 11.5 Fighting
 + Level 11.2 Axes
 + Level 11.5 Armour
 + Level 11.5 Shields


You had 7 spell levels left.
You didn't know any spells.
Your spell library was empty.

Dungeon Overview and Level Annotations

Branches:
Dungeon (1/1)

Altars:
Cheibriados
Dithmenos
Elyvilon
Fedhas
Gozag
Hepliaklqana
Kikubaaqudgha
Makhleb
Nemelex Xobeh
Okawaru
Qazlal
Ru
Sif Muna
Trog
Uskayaw
Vehumet
Wu Jian
Xom
Yredelemnul
Zin
The Shining One
Jiyva
Lugonu

Shops:
D [


Innate Abilities, Weirdness & Mutations

You have a pair of horns on your head.
You reflexively headbutt those who attack you in melee.


Message History

You block the centaur warrior's attack.
The centaur warrior unwields a +0 shortbow.
The centaur warrior closely misses you. You furiously retaliate!
You headbutt the centaur warrior.
The centaur warrior kicks you but does no damage.
You slash the centaur warrior!
The centaur warrior is moderately wounded.
You closely miss the centaur warrior. The centaur warrior hits you.
The centaur warrior kicks you.
The centaur warrior hits you but does no damage.
The centaur warrior kicks you. You block the centaur warrior's attack.
The centaur warrior kicks you but does no damage.
You slice the centaur warrior!!
Your headbutt misses the centaur warrior.
The centaur warrior is severely wounded.
You slice the centaur warrior!! You block the centaur warrior's attack.
The centaur warrior completely misses you.
The centaur warrior hits you!
The centaur warrior kicks you but does no damage.
The centaur warrior hits you. The centaur warrior kicks you.
* * * LOW HITPOINT WARNING * * *
You hit the centaur warrior.
The centaur warrior is severely wounded.
You barely miss the centaur warrior. The centaur warrior misses you.
The centaur warrior kicks you.
* * * LOW HITPOINT WARNING * * *
The centaur warrior hits you but does no damage.
The centaur warrior kicks you but does no damage.
The centaur warrior hits you.
* * * LOW HITPOINT WARNING * * *
The centaur warrior kicks you but does no damage.
You slice the centaur warrior!!
You kill the centaur warrior!
Trog accepts your kill.
You hit the centaur warrior. The centaur warrior hits you!
* * * LOW HITPOINT WARNING * * *
The centaur warrior kicks you.
* * * LOW HITPOINT WARNING * * *
The centaur warrior hits you!
You die...

#######################
#..)..#..'..#__#..')..#
)..#..').#..'..'..#...#
#####'#####'#__####...+
####..#...#(####§/#####
#__####..##!#§§§§§#
#_____##'#_.§§§§§c+
#_.∩...†..._#~§§@§#
#_..__##_.#'##+####
#_____###+#[# #######
###


You could see a centaur warrior.

Vanquished Creatures
  A centaur warrior (D)
  2 kobold demonologists (D)
  Sigmund (D)
  A slime creature (D)
  A yak (D)
  A floating eye (D)
  An ogre (D)
  A jelly (D)
  Ijyb (D)
10 creatures vanquished.

Notes
Turn   | Place    | Note
-------+----------+-------------------------------------------
     0 | D        | Heoruswealwe the Minotaur Fighter began the quest for the
                  | Orb.
     0 | D        | Reached XP level 1. HP: 19/19 MP: 0/0
     1 | D        | Noticed Ijyb
    15 | D        | Killed Ijyb
    16 | D        | Reached skill level 5 in Fighting
    16 | D        | Reached skill level 5 in Armour
    16 | D        | Reached skill level 5 in Shields
    16 | D        | Reached XP level 2. HP: 19/29 MP: 1/1
    56 | D        | Noticed an ogre
    60 | D        | Killed an ogre
    61 | D        | Reached skill level 5 in Axes
    61 | D        | Reached XP level 3. HP: 38/38 MP: 2/2
    61 | D        | Reached XP level 4. HP: 45/45 MP: 3/3
   105 | D        | Noticed Sigmund
   117 | D        | Killed Sigmund
   118 | D        | Reached XP level 5. HP: 41/56 MP: 4/4
   118 | D        | Reached XP level 6. HP: 46/62 MP: 5/5
   181 | D        | Found an ornate altar of the Wu Jian Council.
   181 | D        | Found a shimmering blue altar of Sif Muna.
   183 | D        | Found a radiant altar of Vehumet.
   230 | D        | Found Dizy's Antique Armour Emporium.
   230 | D        | Found an ancient bone altar of Kikubaaqudgha.
   230 | D        | Found a hazy altar of Hepliaklqana.
   230 | D        | Found a stormy altar of Qazlal.
   230 | D        | Found a hide-covered altar of Uskayaw.
   230 | D        | Found a blossoming altar of Fedhas.
   230 | D        | Found a bloodstained altar of Trog.
   230 | D        | Found an iron altar of Okawaru.
   230 | D        | Found a basalt altar of Yredelemnul.
   230 | D        | Found a glowing golden altar of the Shining One.
   230 | D        | Found a snail-covered altar of Cheibriados.
   230 | D        | Found a sacrificial altar of Ru.
   230 | D        | Found a glowing silver altar of Zin.
   230 | D        | Found a shadowy altar of Dithmenos.
   230 | D        | Found a white marble altar of Elyvilon.
   230 | D        | Noticed a yak
   239 | D        | Killed a yak
   240 | D        | Found an opulent altar of Gozag.
   241 | D        | Found a sparkling altar of Nemelex Xobeh.
   245 | D        | Became a worshipper of Trog the Wrathful
   273 | D        | Found a burning altar of Makhleb.
   273 | D        | Found a viscous altar of Jiyva.
   273 | D        | Found a shimmering altar of Xom.
   273 | D        | Found a corrupted altar of Lugonu.
   273 | D        | Noticed a slime creature
   286 | D        | Killed a slime creature
   287 | D        | Reached skill level 10 in Fighting
   287 | D        | Reached skill level 10 in Armour
   287 | D        | Reached skill level 10 in Shields
   287 | D        | Reached XP level 7. HP: 43/72 MP: 6/6
   380 | D        | Noticed a kobold demonologist
   381 | D        | Noticed a kobold demonologist
   382 | D        | Noticed a ynoxinul
   382 | D        | Paralysed by a floating eye for 2 turns
   384 | D        | Noticed a hellwing
   386 | D        | Reached skill level 10 in Axes
   390 | D        | Killed a kobold demonologist
   390 | D        | Reached * piety under Trog
   404 | D        | Killed a kobold demonologist
   404 | D        | Reached ** piety under Trog
   405 | D        | Reached XP level 8. HP: 42/82 MP: 7/7
   419 | D        | Noticed a centaur warrior
   419 | D        | Noticed a centaur warrior
   426 | D        | Killed a centaur warrior
   426 | D        | Slain by a centaur warrior

Illustrated notes

Levels and vault maps discovered:
D:        dungeon_sprint_1 [red_sonja_temple_1, red_sonja_temple_small_1]

Skill      XL: |  1  2  3  4  5  6  7 |
---------------+----------------------+-----
Fighting       | 5 6 8 10 11 | 11.5
Axes           | 4 5 7 9 11 | 11.2
Armour         | 5 6 8 10 11 | 11.5
Shields        | 5 6 8 10 11 | 11.5

Action                     |  1- 3 |  4- 6 |  7- 9 || total
---------------------------+-------+-------+-------++-------
  Melee: War axe           |    16 |    35 |    25 ||    76
         Headbutt          |     3 |     6 |     2 ||    11
  Evoke: Wand              |     1 |       |       ||     1
    Use: Potion            |     1 |     1 |     3 ||     5
 Armour: Scale mail        |     5 |     1 |       ||     6
         Chain mail        |       |     6 |    16 ||    22
  Dodge: Dodged            |     6 |     9 |    15 ||    30
  Block: Buckler           |     2 |     2 |     8 ||    12
